 Dungeon Crawl Stone Soup version 0.31-a0-978-g1e143483b6 (webtiles) character file.

Game seed: 7788993073782200558

191 ytrimaz the Sneak (level 5, -1/33 HPs)
             Began as an Octopode Shapeshifter on Oct 30, 2023.
             Slain by a kobold
             ... wielding a +0 short sword
              (4 damage)
             ... in a sewer.
             The game lasted 00:02:34 (2310 turns).

ytrimaz the Sneak (Octopode Shapeshifter)           Turns: 2310, Time: 00:02:35

Health: -1/33      AC:  1    Str: 14    XL:     5   Next: 70%
Magic:  14/14      EV: 13    Int: 12    God:
Gold:   252        SH:  0    Dex: 13    Spells: 4/4 levels left

rFire   . .          .
                       - Unarmed
rCold   . . .        (no shield)
rNeg    . . .        (helmet currently unavailable)
rPois   .            (no amulet)
rElec   .            j - ring of magical power
rCorr   .            (no ring)
SInv    .            (no ring)
Will    .....        (no ring)
Stlth   ++++         (no ring)
HPRegen 0.25/turn    (no ring)
MPRegen 0.14/turn    (no ring)
                     (no ring)

%: no passive effects
@: beast-form
A: beast (slay +1), almost no armour, amphibious, 8 rings, camouflage 1,
gelatinous body 1, (nimble swimmer 1), tentacles
a: Begin Untransformation


You were in a sewer.
You were a hulking beast.
You visited 1 branch of the dungeon, and saw 3 of its levels.
You also visited: Sewer.

You collected 252 gold pieces.


Innate Abilities, Weirdness & Mutations

You are a hulking beast.
Your limbs bulge with bestial killing power. (Slay +1)
You cannot wear most types of armour.
You are amphibious.
You can wear up to eight rings at the same time.
Your skin changes colour to match your surroundings (Stealth+).
Your rubbery body absorbs attacks. (AC +1, EV +1)
((You are camouflaged when in or above water. (Stealth+)))
You have tentacles for arms and can constrict up to eight enemies at once.


   Skills:
 - Level 1.0 Fighting
 - Level 2.0 Dodging
 + Level 5.3 Stealth
 + Level 4.7 Unarmed Combat
 - Level 3.0 Shapeshifting


You had 4 spell levels left.
You didn't know any spells.
Your spell library contained the following spells:

 Spells                   Type           Power      Damage    Failure   Level
 Hailstorm                Conj/Ice       0%         3d3       69%         3
 Summon Ice Beast         Ice/Summ       0%         N/A       97%         4
 Simulacrum               Ice/Necr       0%         N/A       100%        6

Inventory:

Jewellery
 j - a ring of magical power (left tentacle)
   (You found it on level 2 of the Dungeon)
 k - a ring of ice
   (You found it on level 2 of the Dungeon)
Talismans
 b - a beast talisman
 c - a flux talisman
Wands
 m - a wand of flame (16)
   (You found it on level 3 of the Dungeon)
Scrolls
 a - a scroll of enchant armour {unknown}
 e - a scroll of blinking {unknown}
 f - 2 scrolls of teleportation {unknown}
 g - a scroll of immolation {unknown}
 h - 4 scrolls of identify {unknown}
 l - a scroll of silence {unknown}
 n - a scroll of enchant weapon {unknown}
Potions
 d - a potion of attraction {unknown}
 i - a potion of curing {unknown}
 o - a potion of mutation {unknown}

Dungeon Overview and Level Annotations

Branches:
Dungeon (3/15) Zot: 15740   Sewer (1/1) Zot: 5958

Altars:
Gozag

Annotations:
D:2 1 runed translucent door, Crazy Yiuf

########## #.##.....####
########.......†....
#####..!.#..............
#.∩.#....'..........P...
#.∩.#!KKK'..~~~~P.......
#...#..h)#.~~~~~........
###'########~~##########
#≈~~~~~~~~~~~~~~~~~~~
#≈≈~≈≈≈≈≈~≈≈≈≈≈~≈≈≈≈≈
#≈~~~~~~~~~~~~~~~~~~~
#################~~~#
~~P~ ~.. ..


You could see 3 kobolds.


Message History

Found a gate leading back out of this place.
There is an empty arch of ancient stone here.
Unknown command.
You open the door.
There is an open door here.
You enter the shallow water.
A bat comes into view.
A bat is nearby!
A bat is nearby!
A bat is nearby!
Unknown command.
The helpless bat fails to defend itself.
You bludgeon the bat!
You kill the bat!
You open the large door. 6 kobolds and a kobold brigand come into view.
A kobold is wielding a +0 short sword of speed and quivering poisoned darts.
A kobold is wielding a +0 dagger of holy wrath.
The kobold brigand is wielding a +0 short sword and quivering poisoned darts.
Found 2 green potions, 3 smoky cyan potions and a metallic inky potion.
Found a gate leading back out of this place.
There is a large open door here.
There are monsters nearby!
Unknown command.
There are monsters nearby!
The helpless kobold brigand fails to defend itself.
You tentacle-slap the kobold brigand. You grab the kobold brigand.
You squeeze the kobold brigand! You constrict the kobold brigand.
The kobold brigand completely misses you.
The kobold shouts!
You tentacle-slap the kobold brigand. You constrict the kobold brigand.
The kobold shouts! x2
The kobold brigand hits you with a +0 short sword!
The kobold hits you but does no damage.
The kobold shouts! 😕 HP[-7]
You take 7 damage, and now have 26/33 hp.
MASSIVE DAMAGE!! (PAUSE)
You tentacle-slap the kobold brigand but do no damage.
You squeeze the kobold brigand. You constrict the kobold brigand.
You kill the kobold brigand!
The kobold hits you with a +0 short sword.
The kobold hits you with a +0 dagger of holy wrath.
The kobold barely misses you.
Your Stealth skill increases to level 5! 😮 HP[-6]
You take 6 damage, and now have 20/33 hp.
You tentacle-slap the kobold. Your grab misses the kobold.
You squeeze the kobold.
You kill the kobold!
The kobold completely misses you. The kobold closely misses you.
The kobold barely misses you.
Unknown command.
You are too injured to fight recklessly!
You are too injured to fight recklessly!
You tentacle-slap the kobold.
You kill the kobold!
The kobold hits you with a +0 short sword.
The kobold barely misses you.
The kobold throws a stone.
The stone closely misses you.
The stone hits the plant.
The plant begins to die.
The kobold hits you with a +0 short sword.
* * * LOW HITPOINT WARNING * * *
😨 HP[-4]
You take 4 damage, and now have 16/33 hp.
The kobold hits you with a +0 short sword.
* * * LOW HITPOINT WARNING * * *
The kobold misses you. The kobold completely misses you.
The kobold barely misses you.
Things that are here:
a +0 dagger of holy wrath; 5 stones; 😨 HP[-3]
You take 3 damage, and now have 13/33 hp.
You are too injured to fight recklessly!
Unknown command.
The kobold closely misses you. x2
You tentacle-slap the kobold but do no damage.
Your grab misses the kobold. The kobold closely misses you.
The kobold barely misses you. The kobold misses you.
Unknown command.
You tentacle-slap the kobold.
You kill the kobold!
The kobold hits you with a +0 short sword.
* * * LOW HITPOINT WARNING * * *
The kobold barely misses you.
The kobold hits you with a +0 short sword.
* * * LOW HITPOINT WARNING * * *
😱 HP[-5]
You take 5 damage, and now have 8/33 hp.
Unknown command.
Okay, then.
Unknown command.
You barely miss the kobold. You grab the kobold. You constrict the kobold.
A nearby plant withers and dies.
The kobold misses you. x2
The kobold hits you with a +0 short sword.
* * * LOW HITPOINT WARNING * * *
😱 HP[-5]
You take 5 damage, and now have 3/33 hp.
Unknown command.
You tentacle-slap the kobold but do no damage.
You constrict the kobold.
The kobold hits you with a +0 short sword.
You die...

Skill      XL: |  1  2  3  4  5 |
---------------+----------------+-----
Stealth        | 1 2 3 4 5 |  5.3
Unarmed Combat | 4 |  4.7
Fighting       | |  1.0
Dodging        | |  2.0
Shapeshifting  | |  3.0

Action                     |  1- 3 |  4- 6 || total
---------------------------+-------+-------++-------
  Melee: Unarmed           |    65 |    57 ||   122
         Constrict         |    17 |    14 ||    31
         Tentacles         |     9 |    12 ||    21
         Punch             |     2 |       ||     2
    Use: Potion            |       |     1 ||     1
   Stab: Sleeping          |    16 |     4 ||    20
         Distracted        |     1 |       ||     1
 Armour: Skin              |    16 |    64 ||    80
  Dodge: Dodged            |    27 |    41 ||    68

Levels and vault maps discovered:
D:1:      minmay_arrival_stone_box, layout_loops_ring, st_stairs_9
D:2:      layout_basic, minmay_quadrilaterals, uniq_crazy_yiuf_cottage
D:3:      layout_rooms, nicolae_wu_jian_glorious_leap,
          nicolae_gozag_seed_capital, gup_sewer_entry_bowl, minmay_diced_spiral
Sewer:    kennysheep_pipe_town

Notes
Turn   | Place    | Note
-------+----------+-------------------------------------------
     0 | D:1      | ytrimaz the Octopode Shapeshifter began the quest for the
                  | Orb.
     0 | D:1      | Reached XP level 1. HP: 13/13 MP: 1/1
     0 | D:1      | magus.rc [v1.9.6]
    51 | D:1      | Reached skill level 1 in Stealth
   158 | D:1      | Reached XP level 2. HP: 17/18 MP: 2/2
   215 | D:1      | Reached skill level 2 in Stealth
   522 | D:1      | Reached XP level 3. HP: 23/23 MP: 3/3
   720 | D:2      | Reached skill level 3 in Stealth
   759 | D:2      | You pick up a book of the Tundra and begin reading...
   759 | D:2      | You add the spells Hailstorm, Summon Ice Beast and
                  | Simulacrum to your library.
  1370 | D:2      | Reached XP level 4. HP: 28/28 MP: 4/4
  1382 | D:2      | Found a runed translucent door.
  1383 | D:2      | Noticed Crazy Yiuf
  1791 | D:3      | Reached skill level 4 in Unarmed Combat
  1861 | D:3      | Reached skill level 4 in Stealth
  1931 | D:3      | Found an opulent altar of Gozag.
  2109 | D:3      | Reached XP level 5. HP: 19/33 MP: 5/5
  2264 | D:3      | Found a glowing drain.
  2268 | Sewer    | Entered a sewer
  2298 | Sewer    | Noticed a kobold brigand
  2302 | Sewer    | Killed a kobold brigand
  2303 | Sewer    | Reached skill level 5 in Stealth
  2308 | Sewer    | HP: 8/33 [kobold/+0 short sword (4)]
  2309 | Sewer    | HP: 3/33 [kobold/+0 short sword (5)]
  2310 | Sewer    | Slain by a kobold

Vanquished Creatures
  A kobold brigand (Sewer)
  An orc wizard (D:3)
  A gnoll (D:3)
  An adder (D:2)
  3 dart slugs
  4 orcs (D:3)
  4 ball pythons
  4 bats
  7 endoplasms
  5 giant cockroaches
  4 goblins
  4 hobgoblins
  A jackal (D:2)
  7 kobolds
  9 quokkas
  3 frilled lizards
  7 rats
66 creatures vanquished.

Table legend:
 A = Non-vault XP
 B = Vault XP
 C = Vault XP percentage of total XP
 D = Non-vault monster count
 E = Vault monster count
 F = Vault count percentage of total count
                 A         B        C        D         E       F
            +---------+---------+-------+---------+---------+-------
      Total |     119 |     155 |  56.6 |      44 |      22 |  33.3
            +---------+---------+-------+---------+---------+-------
        D:1 |      32 |       5 |  13.5 |      15 |       3 |  16.7
        D:2 |      28 |      19 |  40.4 |      16 |       4 |  20.0
        D:3 |      59 |      31 |  34.4 |      13 |      10 |  43.5
      Sewer |       0 |     100 | 100.0 |       0 |       5 | 100.0
            +---------+---------+-------+---------+---------+-------

Skill      XL: |  1  2  3  4  5 |
---------------+----------------+-----
Stealth        | 1 2 3 4 5 |  5.3
Unarmed Combat | 4 |  4.7
Fighting       | |  1.0
Dodging        | |  2.0
Shapeshifting  | |  3.0

Action                     |  1- 3 |  4- 6 || total
---------------------------+-------+-------++-------
  Melee: Unarmed           |    65 |    57 ||   122
         Constrict         |    17 |    14 ||    31
         Tentacles         |     9 |    12 ||    21
         Punch             |     2 |       ||     2
    Use: Potion            |       |     1 ||     1
   Stab: Sleeping          |    16 |     4 ||    20
         Distracted        |     1 |       ||     1
 Armour: Skin              |    16 |    64 ||    80
  Dodge: Dodged            |    27 |    41 ||    68

Illustrated notes

Table legend:
 A = Kills in this place as a percentage of kills in the entire game.
 B = Kills by you in this place as a percentage of kills by you in the entire game.
 C = Kills by friends in this place as a percentage of kills by friends in the entire game.
 D = Other kills in this place as a percentage of other kills in the entire game.
 E = Experience gained in this place as a percentage of experience gained in the entire game.
 F = Experience gained in this place divided by the number of levels of this place that you have seen.
                   A       B       C       D       E      F
               +-------+-------+-------+-------+-------+----------------------
         Total | 100.0 | 100.0 |   N/A |   N/A | 100.0 |  68.5
       Dungeon |  92.4 |  92.4 |   N/A |   N/A |  63.5 |  58.0
         Sewer |   7.6 |   7.6 |   N/A |   N/A |  36.5 | 100.0
               +-------+-------+-------+-------+-------+----------------------

Table legend: (Time is in decaauts)
 A = Elapsed time spent in this place.
 B = Non-inter-level travel time spent in this place.
 C = Inter-level travel time spent in this place.
 D = Time resting spent in this place.
 E = Time spent auto-exploring this place.
 F = Levels seen in this place.
 G = Mean time per level.
                   A        B        C        D        E       F      G
               +--------+--------+--------+--------+--------+-----+--------+
         Total |   2300 |   2228 |     72 |      0 |   1835 |   4 |  575.0 |
       Dungeon |   2259 |   2187 |     72 |      0 |   1814 |   3 |  753.0 |
         Sewer |     41 |     41 |      0 |      0 |     21 |   1 |   41.0 |
               +--------+--------+--------+--------+--------+-----+--------+

Top non-repeatable levels by time:
     D:2: 1088 daAuts
     D:1: 620 daAuts
     D:3: 551 daAuts
   Sewer: 41 daAuts
